 Dungeon Crawl Stone Soup version 0.31-a0-187-gba352fbbf7 (webtiles) character file.

Game seed: 3512692329142058424

425 qw the Skirmisher (level 6, -2/35 HPs)
             Began as a Deep Elf Hunter on June 22, 2023.
             Was an Initiate of Okawaru.
             Slain by a lemure (5 damage)
             ... led by Pikel
             ... while paralysed by Pikel
             ... on level 4 of the Dungeon.
             The game lasted 00:01:04 (2590 turns).

qw the Skirmisher (Deep Elf Hunter)                 Turns: 2590, Time: 00:01:04

Health: -2/35      AC:  7    Str: 10    XL:     6   Next: 64%
Magic:  8/8        EV:  2    Int: 14    God:    Okawaru [......]
Gold:   170        SH:  0    Dex: 18    Spells: 5/5 levels left

rFire   . . .        Y - +1 shortbow
rCold   . . .        (shield currently unavailable)
rNeg    . . .        e - +0 ring mail
rPois   .            (no helmet)
rElec   .            j - +0 cloak
rCorr   .            b - +0 pair of gloves
SInv    +            (no boots)
Will    .....        c - amulet of reflection
Stlth   +            f - ring of see invisible
HPRegen 0.25/turn    (no ring)
MPRegen 0.11/turn

%: reflection
@: paralysed
A: no striking features
a: Renounce Religion


You were on level 4 of the Dungeon.
You worshipped Okawaru.
Okawaru was noncommittal.
You visited 2 branches of the dungeon, and saw 5 of its levels.

You collected 170 gold pieces.


   Skills:
 - Level 2.0 Fighting
 - Level 10.0 Ranged Weapons
 - Level 1.3 Armour
 + Level 2.4 Dodging
 - Level 1.2 Stealth


You had 5 spell levels left.
You didn't know any spells.
Your spell library was empty.

Inventory:

Hand Weapons
 Y - a +1 shortbow (weapon)
Armour
 b - a +0 pair of gloves (worn)
 e - a +0 ring mail (worn)
 j - a +0 cloak (worn)
Jewellery
 c - an amulet of reflection (around neck)
 f - a ring of see invisible (left hand)
Scrolls
 a - 5 scrolls of identify
 i - a scroll of summoning {unknown}
Potions
 d - a potion of heal wounds
 g - a potion of curing
 h - a potion of enlightenment

Dungeon Overview and Level Annotations

Branches:
Dungeon (4/15)             Temple (1/1) D:4

Altars:
Ashenzari
Cheibriados
Elyvilon
Fedhas
Hepliaklqana
Okawaru
Qazlal
Ru
Uskayaw
Wu Jian

Shops:
D:1 *

Annotations:
D:4 Pikel


Message History

The arrow hits the lemure.
The lemure is lightly wounded.
A lemure comes into view.
You shoot an arrow. The arrow misses the lemure.
The arrow barely misses the lemure.
You shoot an arrow. The arrow closely misses the lemure.
The arrow closely misses Pikel.
A lemure comes into view.
You shoot an arrow. The arrow completely misses the lemure.
The lemure shouts!
The arrow hits Pikel.
Pikel is lightly wounded.
You shoot an arrow. The arrow closely misses the lemure.
The arrow hits Pikel!
Pikel is heavily wounded.
The lemure barely misses you.
You shoot an arrow. The arrow closely misses the lemure.
The arrow hits Pikel but does no damage.
Pikel is heavily wounded.
The lemure hits you.
You shoot an arrow. The arrow barely misses the lemure.
The arrow closely misses the lemure.
The lemure closely misses you.
You shoot an arrow. The arrow misses Pikel.
The arrow closely misses the lemure.
The lemure closely misses you.
You shoot an arrow. The arrow closely misses Pikel.
The arrow barely misses the lemure.
The lemure hits you but does no damage.
Pikel hits you with a +1 whip of flaming.
Pikel burns you.
You shoot an arrow.
The arrow hits Pikel but does no damage.
Pikel is heavily wounded.
The lemure hits you.
Pikel zaps a wand.
You suddenly lose the ability to move!
The lemure hits you. The lemure hits you but does no damage.
Pikel hits you with a +1 whip of flaming.
Pikel burns you. The lemure hits you. The lemure hits you!
Pikel completely misses you. The lemure hits you. The lemure hits you. x2
You die...

..........##............#
.......}..#...........###
............#####..#.##
.............# #..##..
............## ##.###.
............# ##.....
......#.....###.......
#...##.......55......
.#..........@55.....
##.........#KB.....
.....#.....S......
...........)......
...............$..
..............$...
#.................
................


You could see Pikel, 4 lemures, an adder and a giant cockroach.

Vanquished Creatures
  Grinder (D:3)
  A sleepcap (D:4)
  Natasha (thrice) (D:3)
  7 adders
  2 worms (D:2)
  A dart slug (D:2)
  An orc (D:4)
  5 bats
  6 endoplasms
  A giant cockroach (D:1)
  2 hobgoblins (D:1)
  4 jackals (D:3)
  10 kobolds
  A quokka (D:1)
  10 ball pythons
  3 frilled lizards
  5 goblins
  4 rats
67 creatures vanquished.

Notes
Turn   | Place    | Note
-------+----------+-------------------------------------------
     0 | D:1      | qw the Deep Elf Hunter began the quest for the Orb.
     0 | D:1      | Reached XP level 1. HP: 12/12 MP: 3/3
     0 | D:1      | 0 ||| qw: Version: 0.3-a-9-g12657ce
     0 | D:1      | 0 ||| qw: Game counter: 2423
     0 | D:1      | 0 ||| qw: Always use a shield: true
     0 | D:1      | 0 ||| qw: God list: Okawaru
     0 | D:1      | 0 ||| qw: Allow faded altars: false
     0 | D:1      | 0 ||| qw: Do Orc after D:15 true
     0 | D:1      | 0 ||| qw: Do second Lair branch before Depths: true
     0 | D:1      | 0 ||| qw: Lair rune preference: random
     0 | D:1      | 0 ||| qw: Plans: Normal
     0 | D:1      | 0 ||| PLANNING D:1-11
   251 | D:1      | Found Jopseosu's Assorted Antiques.
   258 | D:1      | 258 ||| SHOPLISTING black potion (29 gold, have 25).
   258 | D:1      | 258 ||| SHOPLISTING fizzy inky potion (29 gold, have 25).
   258 | D:1      | 258 ||| SHOPLISTING scroll labelled GOL ZIUCROTSI (33 gold,
                  | have 25).
   258 | D:1      | 258 ||| SHOPLISTING scroll labelled QIMUIR HIHED (33 gold,
                  | have 25).
   395 | D:1      | Reached XP level 2. HP: 16/16 MP: 4/4
   425 | D:1      | Reached skill level 6 in Ranged Weapons
   907 | D:1      | 907 ||| UPGRADING to +0 ring mail.
   917 | D:1      | 917 ||| DROPPING +0 leather armour.
   918 | D:1      | 918 ||| READING 3 scrolls labelled PAFEVEFUISS.
   919 | D:1      | 919 ||| READING scroll labelled GOL ZIUCROTSI.
   920 | D:1      | 920 ||| READING scroll labelled LAUGIX GOEJU.
   924 | D:1      | 924 ||| READING scroll labelled BYRY AN WE EFO.
   925 | D:1      | 925 ||| READING 2 scrolls of identify.
   925 | D:1      | 925 ||| IDENTIFYING fizzy inky potion
   926 | D:1      | 926 ||| DROPPING scroll of butterflies.
   954 | D:2      | Reached XP level 3. HP: 20/20 MP: 5/5
  1149 | D:2      | Reached skill level 7 in Ranged Weapons
  1355 | D:2      | 1355 ||| UPGRADING to +0 pair of gloves.
  1360 | D:2      | 1360 ||| UPGRADING to amulet of reflection.
  1365 | D:2      | 1365 ||| UPGRADING to ring of see invisible.
  1366 | D:2      | 1366 ||| READING scroll labelled CIPPEOC YCEFRA.
  1367 | D:2      | 1367 ||| READING 3 scrolls of identify.
  1367 | D:2      | 1367 ||| IDENTIFYING black potion
  1368 | D:2      | 1368 ||| READING 2 scrolls of identify.
  1368 | D:2      | 1368 ||| IDENTIFYING blue potion
  1369 | D:2      | 1369 ||| DROPPING potion of attraction.
  1370 | D:2      | 1370 ||| DROPPING potion of lignification.
  1422 | D:3      | Noticed Natasha
  1429 | D:3      | Killed Natasha
  1430 | D:3      | Reached XP level 4. HP: 19/25 MP: 6/6
  1528 | D:3      | Noticed Grinder
  1534 | D:3      | Paralysed by Grinder for 4 turns
  1543 | D:3      | Killed Grinder
  1544 | D:3      | Reached skill level 9 in Ranged Weapons
  1544 | D:3      | Reached XP level 5. HP: 29/29 MP: 7/7
  1544 | D:3      | Reached XP level 6. HP: 34/34 MP: 8/8
  1646 | D:3      | Noticed Natasha
  1660 | D:3      | HP: 8/35 [poisoned by a goblin]
  1661 | D:3      | Killed Natasha
  1662 | D:3      | HP: 3/35 [poisoned by a goblin]
  1663 | D:3      | 1663 ||| DRINKING potion of curing.
  1663 | D:3      | 1663 ||| (to cure poison)
  1663 | D:3      | Noticed Natasha
  1667 | D:3      | Killed Natasha
  1757 | D:3      | 1757 ||| FLEEEEING.
  1758 | D:3      | 1758 ||| FLEEEEING.
  1759 | D:3      | 1759 ||| FLEEEEING.
  1764 | D:3      | 1764 ||| STAIRDANCE
  2070 | D:3      | Found a broken altar of Ashenzari.
  2189 | D:3      | 2189 ||| UPGRADING to +0 cloak.
  2194 | D:3      | 2194 ||| READING scroll labelled QUECOH EGEUBBETE.
  2195 | D:3      | 2195 ||| READING scroll labelled QIATTYO YTOTZE.
  2196 | D:3      | 2196 ||| READING scroll labelled EPHOIN PUQE.
  2197 | D:3      | 2197 ||| READING scroll labelled MUAMAST DUGU.
  2260 | D:3      | 2260 ||| READING 7 scrolls of identify.
  2260 | D:3      | 2260 ||| IDENTIFYING viscous white potion
  2310 | D:4      | Found a staircase to the Ecumenical Temple.
  2312 | D:4      | 2312 ||| PLANNING TEMPLE
  2321 | D:4      | Reached skill level 1 in Armour
  2329 | D:4      | 2329 ||| READING 6 scrolls of identify.
  2329 | D:4      | 2329 ||| IDENTIFYING orange potion
  2333 | Temple   | Entered the Ecumenical Temple
  2383 | Temple   | 2383 ||| PLANNING OKAWARU WORSHIP
  2540 | Temple   | Became a worshipper of Warmaster Okawaru
  2541 | Temple   | 2541 ||| PLANNING D:1-11
  2574 | D:4      | Reached skill level 10 in Ranged Weapons
  2576 | D:4      | Noticed Pikel
  2587 | D:4      | Paralysed by Pikel for 4 turns
  2589 | D:4      | HP: 7/35 [lemure[Pikel] (8)]
  2590 | D:4      | HP: 3/35 [lemure[Pikel] (2)]
  2590 | D:4      | Slain by a lemure

Levels and vault maps discovered:
D:1:      saegor_arrival_simple_a, layout_loops_corners, serial_shops, shop,
          roderic_roman_lattice, serial_park_tiny_1, minmay_stone_trees_small
D:2:      layout_rooms, minmay_pentomino_pile
D:3:      layout_basic, ashenzari_conservatory_becter, eino_tiny_chamber,
          uniq_grinder, uniq_natasha
D:4:      layout_cave_pools, temple_fountains, biasface_ghost_orc_armoury,
          uniq_pikel, uniq_ijyb
Temple:   jpeg_temple_island

Skill      XL: |  1  2  3  4  5  6 |
---------------+-------------------+-----
Ranged Weapons | 6 7 9 10 | 10.0
Fighting       | 2 |  2.0
Armour         | 1 |  1.3
Dodging        | |  2.4
Stealth        | |  1.2

Action                     |  1- 3 |  4- 6 || total
---------------------------+-------+-------++-------
   Fire: Shortbow          |   106 |   122 ||   228
    Use: Scroll            |     8 |     6 ||    14
         Potion            |       |     1 ||     1
 Armour: Leather armour    |     3 |       ||     3
         Ring mail         |     3 |    23 ||    26
         Skin              |       |     3 ||     3
  Dodge: Dodged            |    27 |    35 ||    62
  Block: Other             |       |    11 ||    11

Table legend:
 A = Non-vault XP
 B = Vault XP
 C = Vault XP percentage of total XP
 D = Non-vault monster count
 E = Vault monster count
 F = Vault count percentage of total count
                 A         B        C        D         E       F
            +---------+---------+-------+---------+---------+-------
      Total |     291 |     317 |  52.1 |      61 |       6 |   9.0
            +---------+---------+-------+---------+---------+-------
        D:1 |      29 |       0 |   0.0 |      19 |       0 |   0.0
        D:2 |      42 |       5 |  10.6 |      14 |       4 |  22.2
        D:3 |     120 |     312 |  72.2 |      18 |       2 |  10.0
        D:4 |     100 |       0 |   0.0 |      10 |       0 |   0.0
            +---------+---------+-------+---------+---------+-------
